 Dungeon Crawl Stone Soup version 0.28-a0-1429-gf3d713df7a (webtiles) character file.

Game seed: 3400217573358999165

51 eustatius the Skirmisher (level 3, -6/24 HPs)
             Began as a Gargoyle Fighter on Jan 8, 2022.
             Shot with an arrow by a centaur (7 damage)
             ... on level 3 of the Dungeon.
             The game lasted 00:02:31 (1951 turns).

eustatius the Skirmisher (Gargoyle Fighter)         Turns: 1951, Time: 00:02:32

Health: -6/24      AC: 10    Str: 21    XL:     3   Next: 83%
Magic:  3/3        EV:  9    Int:  8    God:
Gold:   108        SH:  4    Dex:  9    Spells: 2/2 levels left

rFire   . . .      SeeInvis .   a - +0 flail
rCold   . . .      Faith    .   c - +0 buckler
rNeg    + . .      Spirit   .   b - +0 scale mail
rPois   ∞          Reflect  .   (no helmet)
rElec   +          Harm     .   (no cloak)
rCorr   .          Rampage  .   (no gloves)
Will    .....                   (no boots)
Stlth   ..........              (no amulet)
HPRegen 0.08/turn               (no ring)
MPRegen 0.08/turn               (no ring)

@: no status effects
A: sickness immunity, AC +3, negative energy resistance 1, electricity
resistance, torment resistance 1, petrification resistance
a: no special abilities


You were on level 3 of the Dungeon.
You visited 1 branch of the dungeon, and saw 3 of its levels.

You collected 108 gold pieces.

Inventory:

Hand Weapons
 a - a +0 flail (weapon)
Missiles
 f - 6 boomerangs (quivered)
Armour
 b - a +0 scale mail (worn)
 c - a +0 buckler (worn)
Jewellery
 k - an amulet of the acrobat
Scrolls
 e - a scroll of identify {unknown}
 h - a scroll of immolation {unknown}
 j - a scroll of noise {unknown}
Potions
 d - a potion of might
 g - a potion of curing {unknown}
 i - a potion of flight {unknown}


   Skills:
 + Level 3.9 Fighting
 + Level 2.7 Maces & Flails
 + Level 3.7 Armour
 + Level 0.1 Dodging
 + Level 3.5 Shields


You had 2 spell levels left.
You didn't know any spells.
Your spell library contained the following spells:

 Spells                   Type           Power      Damage    Failure   Level
 Dazzling Flash           Conj/Hex       0%         N/A       99%         3
 Agony                    Necr           0%         N/A       100%        5
 Silence                  Hex/Air        0%         N/A       100%        5


Dungeon Overview and Level Annotations

Branches:
Dungeon (3/15)

Altars:
Trog
Zin

Shops:
D:1 [


Innate Abilities, Weirdness & Mutations

You are immune to sickness and miasma.
Your stone body is resilient. (AC +3)
You are immune to poison.
You resist negative energy. (rN+)
You are resistant to electric shocks. (rElec)
You are resistant to unholy torment.
You are immune to petrification.


Message History

The ball python bites you but does no damage.
You block the ball python's attack.
You hit the hobgoblin.
You kill the hobgoblin!
The goblin hits you but does no damage. The ball python closely misses you.
You block the ball python's attack. The goblin hits you with a +0 club.
The ball python bites you but does no damage.
The ball python grabs you. The ball python constricts you.
The ball python bites you but does no damage.
The ball python constricts you. The goblin hits you with a +0 club.
You see here a hobgoblin corpse.
You closely miss the ball python.
The ball python bites you but does no damage.
The ball python constricts you. The goblin hits you but does no damage.
You sock the ball python!
You kill the ball python!
The goblin closely misses you. The goblin closely misses you.
You see here a ball python corpse.
You barely miss the goblin. The goblin closely misses you.
The goblin hits you but does no damage.
You barely miss the goblin. The goblin hits you but does no damage.
You sock the goblin!
You kill the goblin!
You see here a +0 club.
HP restored.
Found a glowing silver altar of Zin.
Found a bloodstained altar of Trog.
An endoplasm and a centaur come into view.
The endoplasm quivers.
The centaur unwields a +0 quarterstaff.
The centaur wields a +0 shortbow.
The centaur shoots an arrow.
The arrow hits you.
The centaur shoots an arrow.
The arrow hits you!
The centaur shoots an arrow.
The arrow closely misses you.
You sock the endoplasm!
You kill the endoplasm!
The centaur shoots an arrow.
The arrow hits you!
* * * LOW HITPOINT WARNING * * *
The centaur shoots an arrow.
The arrow hits you!
You die...

#............##### #
#.....................#.
#............##........
##.....^......>.....c...
...................≈≈≈≈
..........).#######..
............#......#####
.........##.#.≈≈≈≈≈.....
............#.≈.@..≈≈≈≈.#
......#..[..#.≈.###...≈.#
...[..#.....#.≈.#_.##.≈.# ......
......#.....#.≈.#...#.≈.# ......
...........#.≈.#.≈...≈.#.≈.##....
..........##.≈.#.≈≈._≈.#.≈.##....
........#..#.≈.#...≈≈≈.#.≈.......
........# .#.≈.####....#.≈..#....
......#..# #.≈.....#####.≈.##....


You could see a centaur.

Vanquished Creatures
  A gnoll (D:1)
  2 bats
  6 endoplasms
  2 giant cockroaches
  A goblin (D:3)
  3 hobgoblins
  11 jackals
  2 kobolds (D:2)
  5 ball pythons
  2 frilled lizards
  A rat (D:1)
36 creatures vanquished.

Notes
Turn   | Place    | Note
-------+----------+-------------------------------------------
     0 | D:1      | eustatius the Gargoyle Fighter began the quest for the Orb.
     0 | D:1      | Reached XP level 1. HP: 14/14 MP: 1/1
   408 | D:1      | Found Bumyrebeo's Armour Shop.
   473 | D:1      | Reached XP level 2. HP: 19/19 MP: 2/2
   531 | D:1      | Found a faded altar of an unknown god.
   833 | D:1      | Reached XP level 3. HP: 24/24 MP: 3/3
  1791 | D:2      | You fall into a shaft and drop 1 floor!
  1934 | D:3      | Found a glowing silver altar of Zin.
  1937 | D:3      | Found a bloodstained altar of Trog.
  1948 | D:3      | Noticed a centaur
  1951 | D:3      | HP: 1/24 [centaur/arrow (10)]
  1951 | D:3      | Shot with an arrow by a centaur

Illustrated notes

Levels and vault maps discovered:
D:1:      matt_arrival_los_fun, layout_basic, serial_shops, nicolae_shop_trees,
          basic_ecumenical_altar
D:2:      minmay_chambers_of_twos, layout_basic, uniq_robin, uniq_jessica
D:3:      layout_rooms, xom_redecorated, nicolae_overflow_squiral,
          chequers_avenue

Action                   || total
-------------------------++-------
Melee: Flail             ||   116
Armor: Scale mail        ||   113
Dodge: Dodged            ||    97
Block: Buckler           ||    37

Table legend: (Time is in decaauts)
 A = Elapsed time spent in this place.
 B = Non-inter-level travel time spent in this place.
 C = Inter-level travel time spent in this place.
 D = Time resting spent in this place.
 E = Time spent auto-exploring this place.
 F = Levels seen in this place.
 G = Mean time per level.
                   A        B        C        D        E       F      G
               +--------+--------+--------+--------+--------+-----+--------+
         Total |   1987 |   1953 |     34 |     92 |   1439 |   3 |  662.3 |
       Dungeon |   1987 |   1953 |     34 |     92 |   1439 |   3 |  662.3 |
               +--------+--------+--------+--------+--------+-----+--------+

Top non-repeatable levels by time:
     D:1: 1051 daAuts
     D:2: 771 daAuts
     D:3: 164 daAuts
